 Dungeon Crawl Stone Soup version bcrawl-1.17.3 (webtiles) character file.

Game seed: 12192272948070673751

39 Ethylacetat the Sneak (level 3, -3/27 HPs)
             Began as a Demonspawn Archaeologist on Oct 19, 2019.
             Slain by a goblin
             ... wielding a +0 hand axe
             ... led by Robin
              (10 damage)
             ... on level 2 of the Dungeon.
             The game lasted 00:01:57 (776 turns).

Ethylacetat the Sneak (Demonspawn Archaeologist)     Turns: 776, Time: 00:01:58

Health: -3/27      AC:  6    Str: 11    XL:     3   Next: 28%
Magic:  3/3        EV: 13    Int: 15    God:
Gold:   56         SH:  4    Dex: 12    Spells: 2/2 levels left

rFire    . . .     SeeInvis .   a - +0 whip
rCold    + . .     Gourm    .   (no shield)
rNeg     . . .     Faith    .   b - +1 robe
rPois    .         Spirit   .   c - +1 hat
rElec    .         Reflect  .   (no cloak)
rCorr    .         Harm     .   (no gloves)
MR       .....                  d - +1 pair of boots
Stlth    ++........             (no amulet)
HPRegen  0.09/turn              (no ring)
MPRegen  0.08/turn              (no ring)

@: studying Spellcasting
A: large bone plates 1, cold resistance 1
a: no special abilities


You were on level 2 of the Dungeon.
You were not hungry.

You visited 1 branch of the dungeon, and saw 2 of its levels.

You collected 56 gold pieces.

Inventory:

Hand Weapons
 a - a +0 whip (weapon)
Armour
 b - a +1 robe (worn)
 c - a +1 hat (worn)
 d - a +1 pair of boots (worn)
Scrolls
 j - 2 scrolls of blinking {unknown}
 m - a scroll of identify {unknown}
 n - a scroll of teleportation {unknown}
 o - a scroll of remove curse {unknown}
 p - a scroll of immolation {unknown}
Potions
 i - a potion of haste {unknown}
 k - a potion of cancellation {unknown}
 l - 2 potions of heal wounds {unknown}
Books
 e - a manual of Spellcasting
Miscellaneous
 f - an ancient crate
Comestibles
 g - 4 rations {!d}
 h - a chunk of flesh


   Skills:
 + Level 1.9 Fighting
 * Level 2.4 Maces & Flails
 - Level 2.6 Dodging
 - Level 3.0 Stealth
 + Level 0.4 Spellcasting


You had 2 spell levels left.
You didn't know any spells.
Your spell library was empty.

Dungeon Overview and Level Annotations

Branches:
Dungeon (2/12)

Altars:

Annotations:
D:2 Robin


Innate Abilities, Weirdness & Mutations

You are partially covered in large bone plates. (SH +4)
Your flesh is cold resistant. (rC+)


Message History

The goblin shouts! x3
You hit the goblin.
You kill the goblin!
You hear a shout! x2
Robin throws the goblin at you! The goblin hits you but does no damage.
You hear a shout!
You miss the goblin. You block the goblin's attack. x2
You closely miss the goblin.
A hobgoblin comes into view. It is wielding a +0 club.
The goblin hits you but does no damage. The goblin closely misses you.
The goblin shouts!
You hit the goblin but do no damage. The goblin hits you.
The goblin hits you with a +0 hand axe!
You closely miss the goblin. You block the goblin's attack.
You barely miss the goblin. The goblin hits you with a +0 hand axe!
* * * LOW HITPOINT WARNING * * *
You hit the goblin.
You kill the goblin!
The goblin hits you with a +0 hand axe!
You die...

# .. #$## #
#.... ###.
###.#.. ....g
...#.#
.<.ggg###..#.#
#gg@...#.#
#####..#.#
#..#.##
#.....# #
##.#..#.##
##.###
##.#......
.....#
###..........
####.#
#...........#
.#
#.#.###......


You could see Robin, 2 hobgoblins and 3 goblins.

Vanquished Creatures
  An ooze (D:1)
  A dart slug (D:1)
  2 giant cockroaches
  6 goblins
  5 hobgoblins (D:1)
  A jackal (D:1)
  6 bats
  3 frilled lizards (D:1)
  3 kobolds (D:1)
  3 rats
31 creatures vanquished.

Notes
Turn   | Place    | Note
-------+----------+-------------------------------------------
     0 | D:1      | Ethylacetat the Demonspawn Archaeologist began the quest
                  | for the Orb.
     0 | D:1      | Reached XP level 1. HP: 15/15 MP: 1/1
    19 | D:1      | Reached skill level 1 in Maces & Flails
   215 | D:1      | Gained mutation: Your flesh is cold resistant. (rC+)
                  | [demonic ancestry]
   215 | D:1      | Reached XP level 2. HP: 20/21 MP: 2/2
   426 | D:1      | Gained mutation: You are partially covered in large bone
                  | plates. (SH +4) [demonic ancestry]
   426 | D:1      | Reached XP level 3. HP: 27/27 MP: 3/3
   767 | D:2      | Noticed Robin
   776 | D:2      | Slain by a goblin

Skill      XL: |  1  2 |
---------------+-------+-----
Maces & Flails | 1 2 |  2.4
Fighting       | |  1.9
Dodging        | |  2.6
Stealth        | |  3.0
Spellcasting   | |  0.4

Action                   || total
-------------------------++-------
Melee: Whip              ||   124
 Stab: Sleeping          ||     4
Armor: Robe              ||    55
Dodge: Dodged            ||    74
Block: Other             ||     7
